 Dungeon Crawl Stone Soup version 0.32-a0-120-gfac0567ad4 (webtiles) character file.

Game seed: 4793959079877236503

0 zenocrate the Sneak (level 1, 0/14 HPs)
             Began as a Kobold Delver on Feb 6, 2024.
             Slain by Natasha (5 damage)
             ... on level 4 of the Dungeon.
             The game lasted 00:00:15 (201 turns).

zenocrate the Sneak (Kobold Delver)                  Turns: 201, Time: 00:00:16

Health: 0/14       AC:  3    Str:  9    XL:     1   Next: 0%
Magic:  1/1        EV: 14    Int: 11    God:
Gold:   25         SH:  0    Dex: 16    Spells: 0/0 levels left

rFire   . . .        a - +0 short sword
rCold   . . .        (no shield)
rNeg    . . .        b - +0 leather armour
rPois   .            (no helmet)
rElec   .            (no cloak)
rCorr   .            (no gloves)
SInv    .            (no boots)
Will    .....        (no amulet)
Stlth   ++++         (no ring)
HPRegen 0.22/turn    (no ring)
MPRegen 0.07/turn

%: no passive effects
@: hasted, very quick
A: small, no large weapons, nightstalker 3
a: no special abilities


You were on level 4 of the Dungeon.
You visited 1 branch of the dungeon, and saw 2 of its levels.

You collected 25 gold pieces.

Inventory:

Hand Weapons
 a - a +0 short sword (weapon)
Armour
 b - a +0 leather armour (worn)
Wands
 g - a wand of digging (3)
Scrolls
 c - a scroll of fog
 d - a scroll of revelation
 e - a scroll of fear
 h - a scroll of vulnerability {unknown}
 i - a scroll of enchant armour {unknown}
 k - a scroll of enchant weapon {unknown}
 l - a scroll of noise {unknown}
Potions
 j - a potion of resistance {unknown}


   Skills:
 - Level 3.2 Fighting
 + Level 2.6 Short Blades
 + Level 2.4 Dodging
 + Level 6.6 Stealth


You couldn't memorise any spells.
You didn't know any spells.
Your spell library was empty.

Dungeon Overview and Level Annotations

Branches:
Dungeon (5/15)
 Temple: D:4-7

Altars:

Annotations:
D:4 Natasha


Innate Abilities, Weirdness & Mutations

You are small and have problems with some larger weapons.
You are completely attuned to the shadows.


Message History

Natasha growls.
Natasha claws you.
You hit Natasha but do no damage. You hit Natasha but do no damage.
Natasha claws you.
You hit Natasha.
Natasha is lightly wounded.
Natasha claws you.
* * * LOW HITPOINT WARNING * * *
You are too injured to fight recklessly!
You hit Natasha but do no damage.
Natasha is lightly wounded.
You are too injured to fight recklessly!
You closely miss Natasha.
Natasha is lightly wounded.
Natasha closely misses you.
You barely miss Natasha.
Natasha is lightly wounded.
You closely miss Natasha.
Natasha is lightly wounded.
Natasha misses you.
You completely miss Natasha.
Natasha is lightly wounded.
Natasha barely misses you.
You hit Natasha.
Natasha is moderately wounded.
You hit Natasha but do no damage.
Natasha is moderately wounded.
Natasha misses you.
You hit Natasha but do no damage.
Natasha is moderately wounded.
You closely miss Natasha.
Natasha is moderately wounded.
Natasha barely misses you.
You barely miss Natasha.
Natasha is moderately wounded.
You barely miss Natasha.
Natasha is moderately wounded.
Natasha claws you.
You die...
Natasha curls up and begins to purr.

######.#...
..........
####.#.#.#
#.#.#.##
#####......+
.....##.#.##
..........#
..........#
...h@.....#
...$......#
###).......
........
........


You could see Natasha.

Vanquished Creatures (others)
  A kobold (D:4)
1 creature vanquished.

Notes
Turn   | Place    | Note
-------+----------+-------------------------------------------
     0 | D:5      | zenocrate the Kobold Delver began the quest for the Orb.
     0 | D:5      | Reached XP level 1. HP: 14/14 MP: 1/1
    75 | D:5      | Noticed a hound
   183 | D:4      | Noticed Natasha
   201 | D:4      | Slain by Natasha

Illustrated notes

Levels and vault maps discovered:
D:4:      layout_basic, elyvilon_altar_4, serial_glass, glass_columns_a,
          glass_columns_c, minmay_strange_pillars, due_unseen_surprise,
          item_on_display_a, uniq_robin, uniq_sigmund, uniq_natasha
D:5:      gammafunk_wand_slinger, layout_cave_pools

Action                     || total
---------------------------++-------
  Melee: Short sword       ||    16
    Use: Potion            ||     1
 Armour: Leather armour    ||     4
  Dodge: Dodged            ||     7

Table legend: (Time is in decaauts)
 A = Elapsed time spent in this place.
 B = Non-inter-level travel time spent in this place.
 C = Inter-level travel time spent in this place.
 D = Time resting spent in this place.
 E = Time spent auto-exploring this place.
 F = Levels seen in this place.
 G = Mean time per level.
                   A        B        C        D        E       F      G
               +--------+--------+--------+--------+--------+-----+--------+
         Total |    194 |    194 |      0 |      0 |    167 |   2 |   97.0 |
       Dungeon |    194 |    194 |      0 |      0 |    167 |   2 |   97.0 |
               +--------+--------+--------+--------+--------+-----+--------+

Top non-repeatable levels by time:
     D:4: 117 daAuts
     D:5: 77 daAuts
